 Dungeon Crawl Stone Soup version 0.29.1-14-g9c671dbff4 (webtiles) character file.

Game seed: 3353075792425860651

38 croobank the Chucker (level 3, -5/23 HPs)
             Began as an Octopode Wanderer on Feb 16, 2023.
             Slain by an orc
             ... wielding a +0 flail
              (11 damage)
             ... on level 2 of the Dungeon.
             The game lasted 00:04:06 (1779 turns).

croobank the Chucker (Octopode Wanderer)            Turns: 1779, Time: 00:04:06

Health: -5/23      AC:  1    Str: 14    XL:     3   Next: 43%
Magic:  1/5        EV: 13    Int: 17    God:
Gold:   34         SH:  0    Dex: 13    Spells: 2/5 levels left

rFire   . . .      SeeInvis .   a - +0 quarterstaff
rCold   . . .      Faith    .   (shield currently unavailable)
rNeg    . . .      Spirit   .   (helmet restricted)
rPois   .          Reflect  .   (no amulet)
rElec   .          Harm     .   e - +6 ring of strength
rCorr   .          Rampage  .   (no ring)
Will    .....                   (no ring)
Stlth   ++........              (no ring)
HPRegen 0.07/turn               (no ring)
MPRegen 0.09/turn               (no ring)
                                (no ring)
                                (no ring)

@: wereblooded
A: almost no armour, amphibious, 8 rings, camouflage 1, gelatinous body 1,
(nimble swimmer 1), tentacles
a: no special abilities


You were on level 2 of the Dungeon.
You visited 1 branch of the dungeon, and saw 2 of its levels.

You collected 34 gold pieces.

Inventory:

Hand Weapons
 a - a +0 quarterstaff (weapon)
 c - a +0 dagger
 o - a +0 dagger
Missiles
 b - 15 poisoned darts (quivered)
Jewellery
 e - a +6 ring of strength (left tentacle)
 h - a ring of willpower
 k - a ring of magical power
Scrolls
 d - a scroll of teleportation
 f - a scroll of torment {unknown}
 j - 3 scrolls of summoning {unknown}
 m - a scroll of identify {unknown}
 n - a scroll of acquirement {unknown}
Potions
 g - a potion of curing {unknown}
 i - a potion of haste {unknown}
 l - a potion of flight {unknown}
 p - a potion of might
 q - a potion of brilliance {unknown}
 r - a potion of invisibility {unknown}


   Skills:
 + Level 1.5 Fighting
 + Level 1.5 Staves
 + Level 3.2 Throwing
 + Level 1.3 Dodging
 + Level 1.5 Spellcasting
 + Level 3.2 Necromancy
 + Level 0.0 Transmutations


You had 2 spell levels left.
You knew the following spells:

 Your Spells              Type           Power      Damage    Failure   Level
a - Necrotise             Necr           48%        1d6       5%          1
b - Wereblood             Tmut           1%         N/A       30%         2

Your spell library contained the following spells:

 Spells                   Type           Power      Damage    Failure   Level
 Sublimation of Blood     Necr           12%        N/A       9%          2
 Sandblast                Erth           2%         2d4       21%         1
 Animate Dead             Necr           12%        N/A       47%         4
 Stone Arrow              Conj/Erth      2%         3d7       52%         3
 Corpse Rot               Necr/Pois/Air  4%         N/A       78%         4
 Summon Lightning Spire   Summ/Air       1%         N/A       90%         4
 Freezing Cloud           Conj/Ice/Air   0%         6-21      99%         5
 Ozocubu's Refrigeration  Ice            0%         4d7       100%        7
 Storm Form               Tmut/Air       0%         N/A       100%        7
 Summon Hydra             Summ           0%         N/A       100%        7
 Maxwell's Capacitive Co  Air            0%         ∞         100%        8
 Animate Armour           Summ/Erth      Unusable   N/A       N/A         4

Dungeon Overview and Level Annotations

Branches:
Dungeon (2/15)

Altars:


Innate Abilities, Weirdness & Mutations

You cannot wear most types of armour.
You are amphibious.
You can wear up to eight rings at the same time.
Your skin changes colour to match your surroundings (Stealth+).
Your rubbery body absorbs attacks. (AC +1, EV +1)
((You are camouflaged when in or above water. (Stealth+)))
You have tentacles for arms and can constrict up to eight enemies at once.


Message History

An orc comes into view. It is wielding a +0 hand axe.
The orc shouts!
An orc wizard comes into view. It is wielding a +0 dagger.
You howl as the wereblood boils in your veins!
The orc wizard shouts!
You hear a shout! x2
An orc comes into view. It is wielding a +0 flail.
An orc priest comes into view. It is wielding a +0 mace.
An orc comes into view. It is wielding a +0 mace.
The orc shouts!
You hear an angry hiss.
You hit the orc. You grab the orc.
The orc is heavily wounded.
Your primal bloodlust has ended.
You constrict the orc. The orc hits you with a +0 hand axe.
Casting: Wereblood (quite dangerous; 30% risk of failure)
Confirm with . or Enter, or press ? or * to list all spells.
Your blood is infused with primal strength.
You constrict the orc.
A frilled lizard comes into view.
The orc escapes!
You sock the orc!
You feel a bit better.
You kill the orc!
You closely miss the orc wizard. Your grab misses the orc wizard.
The orc wizard hits you with a +0 dagger.
You barely miss the orc wizard. You grab the orc wizard.
You constrict the orc wizard.
The orc wizard gestures wildly while chanting.
The orc wizard flickers and vanishes!
Deactivating autopickup; reactivate with Ctrl-A.
The orc priest mumbles some strange prayers to Beogh against you.
Something hits you.
The orc drinks a potion.
The orc seems to grow stronger.
You hit something but do no damage. You constrict something.
The orc misses you. Something hits you.
You closely miss the orc priest. You grab the orc priest.
You constrict the orc priest. You constrict something. Something hits you.
The orc hits you with a +0 flail. The orc priest barely misses you.
You barely miss something. You squeeze something. You constrict the orc priest.
You constrict something. Something hits you.
* * * LOW HITPOINT WARNING * * *
The orc hits you with a +0 flail!
You die...

.##########
..........########
..................
#.........######
#...lo@.#.#########
#....{oo#.........###
#.......#########...###
#.......# ###.†.#
.........# ###..
##.......# ###
.........# # ..########


You could see an orc priest, 2 orcs and a frilled lizard.

Vanquished Creatures
  A dart slug (D:1)
  An orc (D:2)
  6 bats (D:1)
  3 endoplasms
  2 giant cockroaches
  A goblin (D:1)
  2 hobgoblins (D:1)
  4 jackals (D:2)
  A kobold (D:1)
  4 quokkas (D:1)
  2 ball pythons (D:1)
  2 rats
29 creatures vanquished.

Notes
Turn   | Place    | Note
-------+----------+-------------------------------------------
     0 | D:1      | croobank the Octopode Wanderer began the quest for the Orb.
     0 | D:1      | croobank set off with the following items: a +0
                  | quarterstaff, 11 poisoned darts, a +0 dagger, a scroll of
                  | teleportation; and the following spell memorised:
                  | Necrotise; and the following spells available to memorise:
                  | Animate Dead, Corpse Rot.
     0 | D:1      | Reached XP level 1. HP: 13/13 MP: 2/2
   257 | D:1      | Reached XP level 2. HP: 18/18 MP: 3/3
   804 | D:1      | Learned a level 2 spell: Wereblood
  1046 | D:1      | Reached XP level 3. HP: 23/23 MP: 2/5
  1350 | D:1      | Found a faded altar of an unknown god.
  1663 | D:2      | Got the Spellbook of Clay and the Snowflakes
  1779 | D:2      | Slain by an orc

Illustrated notes

Levels and vault maps discovered:
D:1:      dpeg_arrival_stonehenge_12_columns, layout_loops_corners,
          shapermc_ecumenical_altar_notcrosses, st_stairs_13
D:2:      layout_basic, minmay_misc_feat_pillars, grunt_decor_junction,
          minmay_pentomino_w2

Action                   || total
-------------------------++-------
Melee: Quarterstaff      ||    63
       Constrict         ||    16
       Tentacles         ||    11
       Punch             ||     1
 Cast: Wereblood         ||     8
 Stab: Sleeping          ||     2
Armor: Skin              ||     8
Dodge: Dodged            ||    34
